 Dungeon Crawl Stone Soup version 0.22-a0-539-gfbd9004e3f (webtiles) character file.

23 Niner the Poker (level 2, 0/22 HPs)
             Began as a Merfolk Skald on June 24, 2018.
             Slain by Sigmund
             ... wielding a +0 scythe
              (3 damage)
             ... on level 2 of the Dungeon.
             The game lasted 00:04:59 (860 turns).

Niner the Poker (Merfolk Skald)                      Turns: 860, Time: 00:04:59

Health: 0/22       AC:  3    Str: 11    XL:     2   Next: 95%
Magic:  5/5        EV:  7    Int: 12    God:
Gold:   50         SH:  0    Dex: 13    Spells: 4/5 levels left

rFire    . . .     SeeInvis .   a - +0 spear
rCold    . . .     Gourm    .   g - +0 large shield (curse)
rNeg     . . .     Faith    .   b - +0 leather armour
rPois    .         Spirit   .   (no helmet)
rElec    .         Reflect  .   (no cloak)
rCorr    .         Harm     .   (no gloves)
MR       .....                  (no boots)
Stlth    +.........             (no amulet)
HPRegen  0.07/turn              (no ring)
MPRegen  0.09/turn              (no ring)

@: confused
A: change form in water, swift swim, stealthy swim
a: no special abilities


You were on level 2 of the Dungeon.
You were not hungry.

You visited 1 branch of the dungeon, and saw 2 of its levels.

You collected 50 gold pieces.

Inventory:

Hand Weapons
 a - a +0 spear (weapon)
Armour
 b - a +0 leather armour (worn)
 g - a cursed +0 large shield (worn)
Scrolls
 c - 2 scrolls of fear {unknown}
 f - a scroll of enchant armour {unknown}
Potions
 e - a potion of berserk rage {unknown}
Comestibles
 d - 2 rations


   Skills:
 - Level 2.1 Fighting
 + Level 4.9 Polearms
 - Level 0.6 Armour
 - Level 2.6 Dodging
 - Level 2.0 Spellcasting
 - Level 3.2 Charms


You had 4 spell levels left.
You knew the following spells:

 Your Spells              Type           Power        Failure   Level  Hunger
a - Infusion              Chrm           #...         94%         1    ##.....

Your spell library contained the following spells:

 Spells                   Type           Power        Failure   Level  Hunger
 Regeneration             Chrm/Necr      #.........   100%        3    ####...
 Shroud of Golubria       Chrm/Tloc      #.........   100%        2    ###....
 Song of Slaying          Chrm           #.......     98%         2    ###....
 Spectral Weapon          Hex/Chrm       #.......     100%        3    ####...


Dungeon Overview and Level Annotations

Branches:
Dungeon (2/15)

Altars:
Sif Muna

Annotations:
D:2 Sigmund


Message History

Sigmund the Dreaded comes into view.
He is wielding a scythe.
Sigmund is nearby!
Sigmund shouts!
Sigmund points at you and mumbles some strange words.
You are confused.
You bump into the rock wall.
Sigmund gestures at you while chanting.
You are more confused.
Sigmund casts a spell at you. You resist with significant effort.
Sigmund closely misses you.
You're too confused!
Unknown command.
You're too confused to move!
Sigmund hits you from afar with a scythe!
Ouch! That really hurt!
* * * LOW HITPOINT WARNING * * *
You bump into the rock wall.
Sigmund hits you with a scythe.
You die...

..........# ..........#
###.......# #.......# #
#...>...# ##.#
##.###..## ##.#.#
##...##..#######....###
.................@....+
##....##.#######@...###
##.#.##.# ##.#.#
#.#.##.# ...# #......#
#### ###.#### #.# #.#
#.# #.#


You could see Sigmund.

Vanquished Creatures
  2 goblins
  3 hobgoblins (D:1)
  4 jackals
  4 bats
  A frilled lizard (D:1)
  4 kobolds (D:1)
  3 rats (D:1)
21 creatures vanquished.

Notes
Turn   | Place    | Note
-------+----------+-------------------------------------------
     0 | D:1      | Niner the Merfolk Skald began the quest for the Orb.
     0 | D:1      | Reached XP level 1. HP: 16/16 MP: 3/3
   158 | D:1      | Reached skill level 4 in Polearms
   158 | D:1      | Reached XP level 2. HP: 22/22 MP: 5/5
   688 | D:2      | Found a deep blue altar of Sif Muna.
   851 | D:2      | Noticed Sigmund
   860 | D:2      | Slain by Sigmund

Vault maps used:
D:1:      dpeg_arrival_rooms_c
D:2:      nicolae_qazlal_style_of_elements, overflow_temple_1_default,
          first_ration, serial_bayou, serial_bayou_lagoon_a,
          serial_bayou_pond_e, serial_bayou_pond_c, serial_bayou_pond_a,
          minivault_19, uniq_sigmund

Skill      XL: |  1 |
---------------+----+-----
Polearms       | 4 |  4.9
Fighting       | |  2.1
Armour         | |  0.6
Dodging        | |  2.6
Spellcasting   | |  2.0
Charms         | |  3.2

Action                   || total
-------------------------++-------
Melee: Spear             ||    80
 Cast: Infusion          ||     1
 Stab: Sleeping          ||     1
Armor: Leather armour    ||    21
Dodge: Dodged            ||    34
Block: Large shield      ||    22

Table legend:
 A = Spawn XP
 B = Non-spawn XP
 C = Spawn XP percentage of total XP
 D = Spawn monster count
 E = Non-spawn monster count
 F = Spawn count percentage of total count
 G = Total turns spent on level
                    A         B        C        D         E        F      G
               +---------+---------+-------+---------+---------+-------+---------
         Total |       0 |      33 |   0.0 |       0 |      21 |   0.0 |   860
               +---------+---------+-------+---------+---------+-------+---------
           D:1 |       0 |      25 |   0.0 |       0 |      17 |   0.0 |   616
           D:2 |       0 |       8 |   0.0 |       0 |       4 |   0.0 |   244
               +---------+---------+-------+---------+---------+-------+---------
